 Seeded DCSS version 0.30.1-11-g7821555f0a (webtiles) character file.

Game seed: 3677821746841223284 (custom seed)

9 Psyclone the Conjurer (level 2, 15/15 HPs)
             Began as a Deep Elf Conjurer on Nov 7, 2023.
             Was an Initiate of Gozag.
             Quit the game on level 1 of the Dungeon.
             The game lasted 00:00:30 (223 turns).

Psyclone the Conjurer (Deep Elf Conjurer)            Turns: 223, Time: 00:00:31

Health: 15/15      AC:  4    Str:  4    XL:     2   Next: 6%
Magic:  8/8        EV: 12    Int: 22    God:    Gozag
Gold:   27         SH:  0    Dex: 13    Spells: 6/7 levels left

rFire   . . .        (no weapon)
rCold   . . .        (no shield)
rNeg    . . .        a - +0 robe
rPois   .            (no helmet)
rElec   .            (no cloak)
rCorr   .            (no gloves)
SInv    .            (no boots)
Will    .....        (no amulet)
Stlth   ++           (no ring)
HPRegen 0.22/turn    (no ring)
MPRegen 0.11/turn

%: no passive effects
@: no status effects
A: iridescent scales 1, sturdy frame 1, noise suppression
a: Renounce Religion, Potion Petition, Call Merchant, Bribe Branch


You were on level 1 of the Dungeon.
You worshipped Gozag.
Gozag was noncommittal.
You visited 1 branch of the dungeon, and saw 1 of its levels.

You collected 1288 gold pieces.
You spent 675 gold pieces at shops.
You paid 586 gold pieces to Gozag.

Inventory:

Armour
 a - a +0 robe (worn)
 c - the +0 scale mail "Vytrogga" {rC- Regen+ Dex+9 SInv}
   (You bought it in a shop on level 1 of the Dungeon)

   Dex:       It affects your dexterity (+9).
   rC:        It makes you vulnerable to cold.
   SInv:      It lets you see invisible.
   Regen:     It increases your rate of health regeneration.
 d - the +5 scale mail "Xeiluelat" {Slay+2}
   (You bought it in a shop on level 1 of the Dungeon)

   Slay:      It affects your accuracy & damage with ranged weapons and melee
   (+2).
 e - the +0 leather armour of Impatience {rC- Int+9}
   (You bought it in a shop on level 1 of the Dungeon)

   Int:       It affects your intelligence (+9).
   rC:        It makes you vulnerable to cold.
Potions
 b - a potion of magic


   Skills:
 - Level 2.4 Dodging
 - Level 2.4 Stealth
 + Level 3.3 Spellcasting
 * Level 4.8 Conjurations


You had 6 spell levels left.
You knew the following spells:

 Your Spells              Type           Power      Damage    Failure   Level
a - Magic Dart            Conj           96%        1d7       1%          1

Your spell library contained the following spells:

 Spells                   Type           Power      Damage    Failure   Level
 Searing Ray              Conj           48%        2d6       2%          2
 Dazzling Flash           Conj/Hex       28%        N/A       14%         3
 Fulminant Prism          Conj/Hex       7%         3d7       41%         4
 Iskenderun's Mystic Bla  Conj/Tloc      14%        2d5       41%         4


Dungeon Overview and Level Annotations

Branches:
Dungeon (1/15) Zot: 5777

Altars:
Gozag

Shops:
D:1 [


Innate Abilities, Weirdness & Mutations

You are partially covered in iridescent scales. (AC +2)
Your movements are slightly less encumbered by armour. (ER -2)
You passively dampen the noise of your surroundings.


Message History

Health restored: 15 You now have 0/8 mp.
You regained 2 mp, and now have 2/8 mp.
This is a scroll of acquirement!
Something appears at your feet!
You now have 1288 gold pieces (gained 1271).
A frilled lizard comes into view.
The frilled lizard hisses angrily.
The frilled lizard moves out of view.
There is a faded altar of an unknown god here.
Casting: Magic Dart (safe; 1% risk of failure)
Confirm with . or Enter, or press ? or * to list all spells.
Aiming: Magic Dart (safe; 1% risk of failure)
Press: ? - help, Shift-Dir - straight line, f - frilled lizard
Aim: a frilled lizard (100% to hit)
The magic dart hits the frilled lizard.
You kill the frilled lizard!
You now have 2/8 mp.
This altar belongs to (a) Elyvilon, (b) Ignis or (c) Gozag, but you can't tell which.
Press the corresponding letter to learn more about a god, or press enter to convert or escape to cancel.
Okay, then.
This altar belongs to (a) Elyvilon, (b) Ignis or (c) Gozag, but you can't tell which.
Press the corresponding letter to learn more about a god, or press enter to convert or escape to cancel.
Gozag accepts your prayer! Gozag welcomes you!
Gozag waives the service fee.
You have enough gold to petition Gozag for potion effects.
You have enough gold to fund merchants seeking to open stores in the dungeon.
You regained 3 mp, and now have 6/8 mp.
MP restored: 8 [a] 776 gold - Lyiron's Armour Shoppe [b] 586 gold - Kiuvicoo's Antique Armour Boutique [c] 757 gold - Vemanneu's Antique Weapon Shop Fund which merchant?
You no longer have enough gold to fund merchants seeking to open stores in the dungeon.
Kiuvicoo invites you to visit his Antique Armour Boutique.
c - the +0 scale mail "Vytrogga" {rC- Regen+ Dex+9 SInv} You no longer have enough gold to petition Gozag for potion effects.
d - the +5 scale mail "Xeiluelat" {Slay+2}
e - the +0 leather armour of Impatience {rC- Int+9} Thank you for shopping at Kiuvicoo's Antique Armour Boutique!
Unknown command.
Unknown command.
Are you sure you want to abandon this character and quit the game? (Confirm with "yes".)

........##
.#####.#....#
.......#.##.#
#......#.##.#
#......#.##.#
.......#.##.#
.......#.##.#
.........##.#
......._@...#
#........####
#........#
#........#
####...#.#
#.#...#
#.##.># #.
###


There were no monsters in sight!

Vanquished Creatures
  A dart slug (D:1)
  A goblin (D:1)
  3 jackals (D:1)
  A ball python (D:1)
  A frilled lizard (D:1)
7 creatures vanquished.

Notes
Turn   | Place    | Note
-------+----------+-------------------------------------------
     0 | D:1      | Psyclone the Deep Elf Conjurer began the quest for the Orb.
     0 | D:1      | Reached XP level 1. HP: 10/10 MP: 6/6
    21 | D:1      | Gained mutation: Your movements are slightly less
                  | encumbered by armour. (ER -2) [potion of mutation]
    21 | D:1      | Gained mutation: You passively dampen the noise of your
                  | surroundings. [potion of mutation]
    21 | D:1      | Gained mutation: You are partially covered in iridescent
                  | scales. (AC +2) [potion of mutation]
   130 | D:1      | Found a faded altar of an unknown god.
   139 | D:1      | Reached XP level 2. HP: 15/15 MP: 0/8
   162 | D:1      | Identified a scroll of acquirement
   162 | D:1      | Acquired 1271 gold pieces
   175 | D:1      | Prayed at the altar of an unknown god.
   175 | D:1      | Became a worshipper of Gozag Ym Sagoz the Greedy
   223 | D:1      | Bought a sapphire-encrusted scale mail for 243 gold pieces
   223 | D:1      | Identified the +0 scale mail "Vytrogga" {rC- Regen+ Dex+9
                  | SInv} (You bought it in a shop on level 1 of the Dungeon)
   223 | D:1      | Bought a faintly humming scale mail for 243 gold pieces
   223 | D:1      | Identified the +5 scale mail "Xeiluelat" {Slay+2} (You
                  | bought it in a shop on level 1 of the Dungeon)
   223 | D:1      | Bought a steaming leather armour for 189 gold pieces
   223 | D:1      | Identified the +0 leather armour of Impatience {rC- Int+9}
                  | (You bought it in a shop on level 1 of the Dungeon)
   223 | D:1      | Quit the game

Illustrated notes

Levels and vault maps discovered:
D:1:      scummos_arrival_forest, layout_basic, basic_ecumenical_altar

Action                     || total
---------------------------++-------
   Cast: Magic Dart        ||    11
 Invoke: Call Merchant     ||     1
    Use: Potion            ||     1
         Scroll            ||     1
